 Dungeon Crawl Stone Soup version 0.19.5 (webtiles) character file.

316 Firecrotchwizard the Conjurer (level 6, -2/45 HPs)
             Began as a Draconian Conjurer on Apr 17, 2017.
             Slain by an iguana (10 damage)
             ... on level 4 of the Dungeon.
             The game lasted 00:07:50 (3532 turns).

Firecrotchwizard the Conjurer (Draconian Conjurer)  Turns: 3532, Time: 00:07:51

Health: -2/45      AC:  7    Str: 11    XL:     6   Next: 20%
Magic:  0/11       EV: 12    Int: 17    God:
Gold:   170        SH:  0    Dex: 11    Spells: 3 memorised, 5 levels left

rFire  . . .     SeeInvis .     e - +0 short sword
rCold  . . .     Gourm    .     (armour unavailable)
rNeg   . . .     Faith    .     (no shield)
rPois  .         Spirit   .     (helmet restricted)
rElec  .         Reflect  .     (no cloak)
rCorr  .         Harm     .     w - +0 pair of gloves
MR     .....                    (no boots)
Stlth  ++........               (no amulet)
                                (no ring)
                                (no ring)

@: no status effects
A: unfitting armour, cold-blooded, AC +6
a: no special abilities


You were on level 4 of the Dungeon.
You were not hungry.

You visited 1 branch of the dungeon, and saw 4 of its levels.

You collected 170 gold pieces.

Inventory:

Hand Weapons
 c - a cursed -1 hand axe
   (You took it off an orc on level 3 of the Dungeon)
 e - a +0 short sword (weapon)
   (You found it on level 1 of the Dungeon)
 q - a +0 blowgun
   (You took it off a kobold on level 3 of the Dungeon)
Missiles
 p - 12 poisoned needles
Armour
 w - a +0 pair of gloves (worn)
   (You found it on level 3 of the Dungeon)
Scrolls
 d - 2 scrolls of immolation {unknown}
 f - 2 scrolls of fear {unknown}
 l - a scroll of enchant weapon {unknown}
 o - a scroll of amnesia {unknown}
 r - 2 scrolls of remove curse {unknown}
 s - 2 scrolls of identify {unknown}
Potions
 i - a potion of curing
 k - a potion of flight {unknown}
 m - a potion of cancellation {unknown}
 n - a potion of might {unknown}
 t - 2 potions of mutation {unknown}
 u - a potion of invisibility {unknown}
Books
 a - a book of Conjurations
Comestibles
 b - 5 bread rations {@e1}
 g - a beef jerky
 j - a slice of pizza


   Skills:
 - Level 1.7 Dodging
 - Level 1.7 Stealth
 + Level 3.8 Spellcasting
 * Level 6.5 Conjurations


You had 5 spell levels left.
You knew the following spells:

 Your Spells              Type           Power        Failure   Level  Hunger
a - Magic Dart            Conj           ####         1%          1    None
b - Searing Ray           Conj           ####..       1%          2    ##.....
x - Iskenderun's Mystic   Conj           ####....     12%         4    ####...


Dungeon Overview and Level Annotations

Branches:
Dungeon (4/15)
 Temple: D:4-7

Altars:
Ashenzari
Makhleb
Qazlal
Sif Muna
Trog
Xom


Innate Abilities, Weirdness & Mutations

Your plain brown scales are hard. (AC +6)
You cannot fit into any form of body armour.
You are cold-blooded and may be slowed by cold attacks.


Message History

You take 2 damage, and have 18/38 hp.
You are too injured to fight recklessly!
You are too injured to fight recklessly!
You are too injured to fight recklessly!
You hit the worker ant zombie. You tail-slap the worker ant zombie.
You destroy the worker ant zombie!
You start resting.
A frilled lizard comes into view.
You regained 4 hp, and now have 22/38 hp.
You regained 3 mp, and now have 9/10 mp.
A frilled lizard is nearby!
MP restored: 10
Aim: a frilled lizard (hasn't noticed you)
The magic dart hits the frilled lizard.
You kill the frilled lizard!
You now have 9/10 mp.
You can't see any susceptible monsters within range! (Use Z to cast anyway.) Unknown command.
You start resting.
Health restored: 38; MP restored: 10 The centaur skeleton is too close now for your liking.
Aim: a centaur skeleton (resting)
The magic dart hits the centaur skeleton.
You now have 9/10 mp.
Aim: a centaur skeleton (lightly damaged)
The magic dart hits the centaur skeleton.
A hound comes into view.
You now have 8/10 mp.
Aim: a centaur skeleton (moderately damaged)
The magic dart hits the centaur skeleton.
The hound barks!
You hear an angry hiss.
You now have 7/10 mp.
Aim: a centaur skeleton (heavily damaged)
The magic dart hits the centaur skeleton.
The hound closely misses you.
You now have 6/10 mp.
Aim: a centaur skeleton (heavily damaged)
The magic dart hits the centaur skeleton.
The hound bites you.
You take 2 damage, and have 36/38 hp.
You now have 5/10 mp.
Aim: a centaur skeleton (severely damaged)
The magic dart hits the centaur skeleton.
The centaur skeleton hits you but does no damage.
The hound barely misses you. The centaur skeleton hits you.
The hound closely misses you.
An iguana comes into view.
You take 5 damage, and have 31/38 hp.
You now have 4/10 mp.
Aim: a centaur skeleton (severely damaged)
The magic dart hits the centaur skeleton.
The centaur skeleton barely misses you. The hound bites you.
You take 2 damage, and have 29/38 hp.
You now have 3/10 mp.
Aim: a centaur skeleton (almost destroyed)
The magic dart hits the centaur skeleton.
The hound bites you. The centaur skeleton hits you.
The hound bites you but does no damage.
You take 6 damage, and have 23/38 hp.
Aim: a centaur skeleton (almost destroyed)
The magic dart hits the centaur skeleton.
You destroy the centaur skeleton!
You have reached level 6!
Your experience leads to an increase in your attributes!
Increase (S)trength, (I)ntelligence, or (D)exterity?
You feel clever.
Your scales feel tougher.
The hound bites you but does no damage.
You regained 4 hp, and now have 27/45 hp.
You now have 2/11 mp.
Aim: a hound The magic dart hits the hound.
The hound barely misses you. The hound bites you but does no damage.
You now have 1/11 mp.
You hit the hound.
Your tail-slap misses the hound.
The hound closely misses you.
You closely miss the hound. The hound bites you but does no damage.
The hound closely misses you.
You hit the hound. The hound bites you but does no damage.
The iguana bites you.
You take 4 damage, and have 24/45 hp.
You hit the hound.
You kill the hound!
The iguana misses you.
You hit the iguana but do no damage. The iguana barely misses you.
Aim: an iguana The magic dart hits the iguana.
The iguana bites you but does no damage.
Aim: an iguana (lightly wounded)
The magic dart hits the iguana.
The iguana barely misses you.
You now have 0/11 mp.
You hit the iguana but do no damage.
The iguana bites you but does no damage.
You hit the iguana but do no damage.
Your tail-slap misses the iguana.
The iguana bites you!
You take 7 damage, and have 18/45 hp.
You hit the iguana. The iguana bites you. The iguana completely misses you.
You take 2 damage, and have 16/45 hp.
You hit the iguana but do no damage. The iguana misses you.
You hit the iguana. The iguana bites you!
* * * LOW HITPOINT WARNING * * *
You take 8 damage, and have 8/45 hp.
You hit the iguana but do no damage. The iguana bites you!
You die...

..≈≈≈≈....#
.....≈P...##
...........##
............#### .
...............#...
.^.................
.............####..
...)........<#
.%.....@.....#
......l†.....#
............##
.....#.....##
.###...##### .##. .
.. .. ...


You could see an iguana.

Vanquished Creatures
  2 centaur zombies (D:4)
  A hound (D:4)
  A centaur skeleton (D:4)
  A bullfrog skeleton (D:4)
  A worker ant (D:4)
  2 hound zombies (D:4)
  A worker ant zombie (D:4)
  4 adders
  An adder skeleton (D:3)
  A worm (D:3)
  4 dart slugs
  2 leopard geckos (D:2)
  An orc (D:3)
  A ball python (D:1)
  6 goblins
  6 hobgoblins
  4 bats
  5 frilled lizards
  11 kobolds
  10 rats
65 creatures vanquished.

Notes
Turn   | Place    | Note
-------+----------+-------------------------------------------
     0 | D:1      | Firecrotchwizard the Draconian Conjurer began the quest for the Orb.
     0 | D:1      | Reached XP level 1. HP: 14/14 MP: 3/3
   176 | D:1      | Reached XP level 2. HP: 20/20 MP: 0/5
   231 | D:1      | Learned a level 2 spell: Searing Ray
   366 | D:1      | Found a shimmering altar of Xom.
   385 | D:1      | Found a burning altar of Makhleb.
   385 | D:1      | Found an opulent altar of Gozag.
   387 | D:1      | Found a shattered altar of Ashenzari.
   387 | D:1      | Found a deep blue altar of Sif Muna.
   387 | D:1      | Found a bloodstained altar of Trog.
  1153 | D:2      | Reached XP level 3. HP: 26/26 MP: 4/6
  1539 | D:2      | Found a stormy altar of Qazlal.
  1654 | D:3      | Reached skill level 5 in Conjurations
  1956 | D:3      | Reached XP level 4. HP: 29/33 MP: 4/8
  2625 | D:3      | Reached skill level 3 in Spellcasting
  2719 | D:3      | Learned a level 4 spell: Iskenderun's Mystic Blast
  2915 | D:4      | Reached XP level 5. HP: 38/38 MP: 3/9
  3062 | D:4      | HP: 9/38 [worker ant (1)]
  3064 | D:4      | HP: 4/38 [worker ant (3)]
  3069 | D:4      | Reached skill level 6 in Conjurations
  3518 | D:4      | Reached XP level 6. HP: 27/45 MP: 2/11
  3531 | D:4      | HP: 8/45 [iguana (9)]
  3532 | D:4      | Slain by an iguana

Skill      XL: |  1  2  3  4  5 |
---------------+----------------+-----
Conjurations   | 5 6 |  6.5
Spellcasting   | 3 |  3.8
Dodging        | |  1.7
Stealth        | |  1.7

Action                   |  1- 3 |  4- 6 || total
-------------------------+-------+-------++-------
Melee: Short sword       |    74 |    70 ||   144
       Tailslap          |     3 |     9 ||    12
 Cast: Magic Dart        |    58 |    76 ||   134
       Searing Ray       |       |     1 ||     1
  Use: Potion            |       |     1 ||     1
 Stab: Sleeping          |     1 |       ||     1
  Eat: Chunk             |     4 |     3 ||     7
       Meat ration       |       |     1 ||     1
Armor: Skin              |    21 |    26 ||    47
Dodge: Dodged            |    56 |    59 ||   115

Vault maps used:
D:1:      minmay_arrival_up_and_down, doesnt_xom_only_xom
D:2:      old_standard_altar, minmay_misc_feat_tiny, serial_park_tiny_1
D:4:      first_bread, serial_undead, serial_undead_d, serial_undead_e,
          serial_undead_b, serial_undead_f, serial_undead_a, serial_undead_b

Table legend:
 A = Turns spent in this place as a percentage of turns spent in the entire game.
 B = Non-inter-level travel turns spent in this place as a percentage of non-inter-level travel turns spent in the entire game.
 C = Inter-level travel turns spent in this place as a percentage of turns spent in this place.
 D = Turns resting spent in this place as a percentage of non-inter-level travel turns spent in this place.
 E = Turns spent auto-exploring this place as a percentage of non-inter-level travel turns spent in this place.
 F = Non-inter-level travel turns spent in this place divided by the number of levels of this place that you've seen.
                   A       B       C       D       E      F
               +-------+-------+-------+-------+-------+----------------------
         Total | 100.0 | 100.0 |   0.5 |  11.9 |  13.2 | 157.2
       Dungeon | 100.0 | 100.0 |   0.5 |  11.9 |  13.2 | 157.2
               +-------+-------+-------+-------+-------+----------------------

Table legend:
 A = Kills in this place as a percentage of kills in entire the game.
 B = Kills by you in this place as a percentage of kills by you in the entire game.
 C = Kills by friends in this place as a percentage of kills by friends in the entire game.
 D = Other kills in this place as a percentage of other kills in the entire game.
 E = Experience gained in this place as a percentage of experience gained in the entire game.
 F = Experience gained in this place divided by the number of levels of this place that you have seen.
                   A       B       C       D       E      F
               +-------+-------+-------+-------+-------+----------------------
         Total | 100.0 | 100.0 |  -nan |  -nan | 100.0 | 113.0
       Dungeon | 100.0 | 100.0 |  -nan |  -nan | 100.0 | 113.0
               +-------+-------+-------+-------+-------+----------------------
